 Dungeon Crawl Stone Soup version 0.21.1-1-g345015fe64 (webtiles) character file.

38524 Norri the Severer (level 13, -1/113 HPs)
             Began as a Minotaur Gladiator on Mar 16, 2018.
             Was a High Priest of Okawaru.
             Slain by a spiny frog (12 damage)
             ... on level 1 of the Lair of Beasts on Mar 27, 2018.
             The game lasted 02:08:52 (15877 turns).

Norri the Severer (Minotaur Gladiator)             Turns: 15877, Time: 02:08:52

Health: -1/113     AC: 17    Str: 21    XL:     13   Next: 64%
Magic:  12/16      EV:  5    Int:  7    God:    Okawaru [*****.]
Gold:   1250       SH:  0    Dex: 13    Spells: 12/12 levels left

rFire    . . .     SeeInvis .   R - +2 executioner's axe (vamp)
rCold    + . .     Gourm    +   (shield currently unavailable)
rNeg     . . .     Faith    .   i - +1 plate armour {MR+}
rPois    .         Spirit   .   c - +1 hat
rElec    .         Reflect  .   v - +0 cloak
rCorr    .         Harm     .   d - +0 pair of gloves
MR       ++...                  q - +2 pair of boots
Stlth    ..........             m - amulet of the gourmand
HPRegen  0.28/turn              E - ring of protection from magic
MPRegen  0.15/turn              O - ring of protection from cold

@: lethally poisoned (-1 -> -14), studying Ice Magic, extremely drained
A: retaliatory headbutt, horns 2
a: Heroism, Finesse, Renounce Religion


You were on level 1 of the Lair of Beasts.
You worshipped Okawaru.
Okawaru was extremely pleased with you.
You were not hungry.

You visited 3 branches of the dungeon, and saw 17 of its levels.
You also visited: Sewer and Ice Cave.

You collected 1278 gold pieces.
You spent 28 gold pieces at shops.

Inventory:

Hand Weapons
 a - a +0 long sword
 y - a +1 battleaxe of electrocution
 R - a +2 vampiric executioner's axe (weapon)
Missiles
 b - 397 stones (quivered)
 e - 500 arrows
Armour
 c - a +1 hat (worn)
 d - a +0 pair of gloves (worn)
 i - a +1 plate armour of magic resistance (worn)
 q - a +2 pair of boots (worn)
 v - a +0 cloak (worn)
Jewellery
 l - an uncursed ring of ice
 m - an amulet of the gourmand (around neck)
 n - an uncursed ring of ice
 B - an uncursed ring of flight
 E - a ring of protection from magic (left hand)
 N - an uncursed ring of ice
 O - a ring of protection from cold (right hand)
Wands
 t - a wand of random effects (42)
 H - a wand of enslavement (11)
 J - a wand of iceblast (25)
 Q - a wand of scattershot (2)
Scrolls
 h - 8 scrolls of remove curse
 j - 13 scrolls of teleportation
 r - 4 scrolls of amnesia
 s - 2 scrolls of immolation
 x - 4 scrolls of enchant armour
 D - 2 scrolls of blinking
 F - a scroll of holy word {unknown}
 M - 2 scrolls of enchant weapon {unknown}
 P - a scroll of magic mapping
 U - a scroll of fear {unknown}
Potions
 g - 10 potions of curing
 k - 4 potions of agility
 o - a potion of berserk rage {unknown}
 u - 2 potions of lignification
 w - 6 potions of flight
 A - a potion of magic
 G - 2 potions of mutation
 I - a potion of invisibility {unknown}
 L - a potion of brilliance
 S - 2 potions of haste
Books
 z - a manual of Ice Magic
 C - a manual of Ice Magic
Miscellaneous
 K - a box of beasts
 T - a lightning rod (4/4)
Comestibles
 f - 26 rations


   Skills:
 - Level 10.0(0.0) Fighting
 - Level 3.6(0.0) Long Blades
 * Level 19.1(0.0) Axes
 - Level 2.0(0.0) Throwing
 + Level 14.3(0.0) Armour
 - Level 3.2(0.0) Dodging
 - Level 6.0(0.0) Invocations
 + Level 0.8(0.0) Evocations


You had 12 spell levels left.
You didn't know any spells.

Dungeon Overview and Level Annotations

Branches:
Dungeon (15/15)            Temple (1/1) D:7            Lair (1/6) D:9
    Orc (0/2) D:12         Vaults (0/5) D:13
 Depths: D:15

Altars:
Ashenzari
Cheibriados
Fedhas
Nemelex Xobeh
Okawaru
Qazlal
Vehumet
Yredelemnul

Shops:
D:4 *(   D:6 [   D:12 }

Portals:
Trove: D:12 (give +2 shadow dragon scales)

Annotations:
D:4 exclusion: statue


Innate Abilities, Weirdness & Mutations

You reflexively headbutt those who attack you in melee.
You have a pair of horns on your head.


Message History

The spiny frog is heavily wounded.
You feel very sick.
The spiny frog stings you but does no damage.
The spiny frog stings you.
Your plate armour prevents you from hitting the spiny frog.
The spiny frog is heavily wounded.
You feel very sick. The spiny frog stings you.
* * * LOW HITPOINT WARNING * * *
The spiny frog stings you but does no damage.
Unknown command.
You hit the spiny frog. Your headbutt misses the spiny frog.
The spiny frog is heavily wounded.
You feel very sick. The spiny frog stings you!
* * * LOW HITPOINT WARNING * * *
The spiny frog stings you!
* * * LOW HITPOINT WARNING * * *
The spiny frog stings you!
You die...

≈PP.####.........#..
♣≈P..##P.........#.##
♣≈PP.###>........#..#
≈≈≈................##
♣♣≈......[..........#
PP♣PP...........#..##
PP≈♣............#...#
#≈≈≈P..........#..###
#PP≈≈P≈........#@.#
#.P≈♣P.......###†F#
...P≈PPP....## ....#
.P≈≈PPP...## #...#.#
..PP≈≈P#.## ...#..#
#≈P≈P≈≈## #.....##
######## #.....#
......#


You could see a spiny frog.

Vanquished Creatures
  Azrael (D:14)
  2 vault guards (D:13)
  An ice dragon (D:12)
  A hydra (D:13)
  3 centaur warriors
  4 two-headed ogres
  Sonja (D:14)
  3 wizards (D:13)
  2 wolf spider zombies
  A deep elf mage (D:13)
  2 necromancers
  2 ugly things
  Maurice (D:12)
  An ice statue (IceCv)
  Psyche (D:11)
  2 spiny frogs (Lair:1)
  A rime drake (D:12)
  10 freezing wraiths (IceCv)
  An efreet (D:11)
  A komodo dragon (D:9)
  A polar bear (D:12)
  2 trolls
  4 slime creatures (D:13)
  9 hippogriffs
  A water elemental (D:12)
  Sigmund (D:4)
  2 shadows
  8 yaks
  4 fire elementals (D:14)
  2 basilisks (D:14)
  19 humans (D:13)
  4 hungry ghosts
  A wyvern (D:13)
  3 vampire mosquitoes (D:14)
  3 acid dragons
  A hell hound (D:14)
  A water moccasin (Lair:1)
  2 black bears
  13 ice beasts
  6 sky beasts
  2 phantoms
  4 necrophages
  7 orc warriors
  8 ogres
  14 centaurs
  A crocodile (Lair:1)
  Blork the orc (D:4)
  4 big kobolds
  A wyvern zombie (D:9)
  10 bullfrogs
  8 scorpions
  2 swamp dragon simulacra (IceCv)
  8 wights
  4 howler monkeys
  2 electric eels (D:12)
  4 crimson imps
  A lava snake (D:14)
  2 draconian simulacra (IceCv)
  2 quasits
  4 hounds
  4 bullfrog zombies
  3 jellies
  4 orc priests
  4 bullfrog skeletons
  11 orc wizards
  Crazy Yiuf (D:4)
  4 centaur zombies
  3 iguanas
  3 centaur skeletons
  Natasha (thrice) (D:3)
  17 worker ants
  3 spriggan simulacra (IceCv)
  2 troll simulacra (IceCv)
  2 wolf simulacra (IceCv)
  3 centaur simulacra (IceCv)
  A hound zombie (D:8)
  A mummy (D:5)
  2 howler monkey zombies
  A worker ant zombie (D:10)
  17 adders
  5 ogre simulacra (IceCv)
  5 naga simulacra (IceCv)
  3 shadow imps
  12 white imps (IceCv)
  5 oozes
  An adder skeleton (D:7)
  3 worms (D:4)
  2 dart slugs
  12 leopard geckos
  36 orcs
  13 bats
  10 giant cockroaches
  5 goblins
  6 hobgoblins
  24 jackals
  30 kobolds
  3 quokkas
  2 ball pythons (Sewer)
  A ball python skeleton (D:4)
  10 frilled lizards
  A jackal skeleton (D:5)
  A quokka skeleton (D:5)
  13 rats
  A plant (D:9)
510 creatures vanquished.

Vanquished Creatures (others)
  3 plants (D:9)
3 creatures vanquished.

Grand Total: 513 creatures vanquished

Notes
Turn   | Place    | Note
-------+----------+-------------------------------------------
     0 | D:1      | Norri the Minotaur Gladiator began the quest for the Orb.
     0 | D:1      | Reached XP level 1. HP: 18/18 MP: 0/0
    99 | D:1      | Reached XP level 2. HP: 8/26 MP: 1/1
   652 | D:1      | Reached XP level 3. HP: 32/33 MP: 2/2
  1038 | D:2      | Reached skill level 5 in Fighting
  1048 | D:2      | Reached XP level 4. HP: 33/42 MP: 3/3
  1437 | D:3      | Found a stormy altar of Qazlal.
  1464 | D:3      | Noticed Natasha
  1471 | D:3      | Killed Natasha
  1493 | D:3      | Reached XP level 5. HP: 45/51 MP: 4/4
  1684 | D:3      | Found a glowing drain.
  1704 | Sewer    | Entered a sewer
  2392 | D:3      | Noticed Natasha
  2395 | D:3      | Killed Natasha
  2395 | D:3      | Reached XP level 6. HP: 58/61 MP: 5/5
  2499 | D:3      | Noticed Natasha
  2505 | D:3      | Killed Natasha
  2543 | D:4      | Noticed Sigmund
  2556 | D:4      | Killed Sigmund
  2582 | D:4      | HP: 3/62 [poisoned by Sigmund]
  2589 | D:4      | HP: 3/62 [poisoned by Sigmund]
  2597 | D:4      | HP: 2/62 [poisoned by Sigmund]
  2936 | D:4      | Found Cuena's Weapon Boutique.
  2957 | D:4      | Noticed Blork the orc
  2983 | D:4      | Killed Blork the orc
  2983 | D:4      | Reached skill level 1 in Armour
  2983 | D:4      | Reached XP level 7. HP: 37/70 MP: 6/6
  3010 | D:4      | Reached skill level 1 in Axes
  3292 | D:4      | Found Qyesmib's General Store.
  3299 | D:4      | Bought a scroll of identify for 28 gold pieces
  3367 | D:4      | Found a radiant altar of Vehumet.
  3377 | D:4      | Reached skill level 2 in Axes
  3509 | D:4      | Found a runed door.
  3630 | D:4      | Noticed Crazy Yiuf
  3633 | D:4      | Killed Crazy Yiuf
  3690 | D:5      | Entered Level 5 of the Dungeon
  3693 | D:5      | Found a basalt altar of Yredelemnul.
  3770 | D:5      | Reached skill level 3 in Axes
  3800 | D:5      | Reached skill level 4 in Axes
  3814 | D:5      | Reached XP level 8. HP: 79/79 MP: 7/7
  3861 | D:5      | Reached skill level 5 in Axes
  3873 | D:5      | Reached skill level 10 in Fighting
  3989 | D:5      | Found a snail-covered altar of Cheibriados.
  4164 | D:6      | Reached skill level 6 in Axes
  4171 | D:6      | Found Uvikk's Antique Armour Boutique.
  4221 | D:6      | Reached skill level 5 in Armour
  4406 | D:6      | Reached skill level 7 in Axes
  4686 | D:7      | Reached XP level 9. HP: 81/85 MP: 8/8
  4706 | D:7      | Reached skill level 8 in Axes
  4810 | D:7      | Found a staircase to the Ecumenical Temple.
  4817 | Temple   | Entered the Ecumenical Temple
  4828 | Temple   | Became a worshipper of Warmaster Okawaru
  5000 | D:7      | Reached skill level 9 in Axes
  5500 | D:7      | Reached skill level 10 in Axes
  5504 | D:7      | Reached * piety under Okawaru
  5629 | D:8      | Found a sparkling altar of Nemelex Xobeh.
  5692 | D:8      | Noticed a two-headed ogre
  5703 | D:8      | Killed a two-headed ogre
  5703 | D:8      | Reached skill level 11 in Axes
  5703 | D:8      | Reached XP level 10. HP: 18/93 MP: 9/9
  5972 | D:8      | Reached ** piety under Okawaru
  6195 | D:8      | Found a shattered altar of Ashenzari.
  6292 | D:8      | Reached skill level 12 in Axes
  6900 | D:9      | Reached *** piety under Okawaru
  7069 | D:9      | Found a staircase to the Lair.
  7240 | D:9      | Reached skill level 13 in Axes
  7429 | D:10     | Entered Level 10 of the Dungeon
  7436 | D:10     | Reached skill level 10 in Armour
  7675 | D:10     | Reached **** piety under Okawaru
  7704 | D:10     | Noticed a two-headed ogre
  7714 | D:10     | Killed a two-headed ogre
  7714 | D:10     | Reached XP level 11. HP: 86/99 MP: 10/10
  7947 | D:10     | Reached skill level 14 in Axes
  8210 | D:11     | Noticed Psyche
  8217 | D:11     | Killed Psyche
  8360 | D:11     | Reached ***** piety under Okawaru
  8971 | D:11     | Noticed a green ugly thing
  8983 | D:11     | Killed a green ugly thing
  9450 | D:12     | Noticed a centaur warrior
  9477 | D:12     | Killed a centaur warrior
  9477 | D:12     | Reached skill level 15 in Axes
  9508 | D:12     | Received a gift from Okawaru
  9549 | D:12     | Noticed Maurice
  9586 | D:12     | Found a frozen archway.
  9587 | D:12     | Noticed an ice dragon
  9626 | D:12     | Killed an ice dragon
  9629 | D:12     | Reached skill level 16 in Axes
  9672 | IceCv    | Entered an ice cave
 10034 | IceCv    | Reached XP level 12. HP: 104/106 MP: 11/11
 10038 | IceCv    | Reached skill level 1 in Invocations
 11125 | IceCv    | Found an ancient bone altar of Kikubaaqudgha.
 11544 | D:12     | Killed Maurice
 11613 | D:12     | Noticed a two-headed ogre
 11617 | D:12     | Killed a two-headed ogre
 11663 | D:12     | Reached skill level 17 in Axes
 12029 | D:12     | Found a portal to a secret trove of treasure.
 12100 | D:12     | Found a staircase to the Orcish Mines.
 12106 | D:12     | Found Jyn Dapn's Gadget Shop.
 12425 | D:13     | Reached skill level 5 in Invocations
 12470 | D:13     | Found a gate to the Vaults.
 12470 | D:13     | Noticed a vault guard
 12470 | D:13     | Noticed a vault guard
 12491 | D:13     | Killed a vault guard
 12495 | D:13     | Received a gift from Okawaru
 12495 | D:13     | Reached XP level 13. HP: 38/113 MP: 14/16
 12501 | D:13     | Reached skill level 18 in Axes
 12666 | D:13     | Found the +3 robe of Clouds {+Fly rElec}
 13115 | D:14     | Noticed Azrael
 13179 | D:14     | Killed Azrael
 13439 | D:14     | Reached ****** piety under Okawaru
 13596 | D:14     | Received a gift from Okawaru
 13761 | D:14     | Noticed Sonja
 14219 | D:14     | Killed Sonja
 14219 | D:14     | Reached skill level 19 in Axes
 14514 | D:15     | Entered Level 15 of the Dungeon
 15010 | Lair:1   | Entered Level 1 of the Lair of Beasts
 15877 | Lair:1   | Slain by a spiny frog

Skill      XL: |  1  2  3  4  5  6  7  8  9 10 11 12 13 |
---------------+----------------------------------------+-----
Fighting       | 3 4 5 6 7 9 10 | 10.0
Armour         | 1 3 5 8 10 12 13 14 | 14.3
Axes           | 4 7 11 13 16 17 19 | 19.1
Invocations    | 5 6 |  6.0
Long Blades    | |  3.6
Throwing       | |  2.0
Dodging        | |  3.2
Evocations     | |  0.8

Action                   |  1- 3 |  4- 6 |  7- 9 | 10-12 | 13-15 || total
-------------------------+-------+-------+-------+-------+-------++-------
Melee: Long sword        |    65 |   168 |       |       |       ||   233
       Headbutt          |    14 |    38 |    33 |   109 |    61 ||   255
       Battleaxe         |       |       |   174 |   610 |     4 ||   788
       Executioner's axe |       |       |       |       |   241 ||   241
Throw: Throwing net      |     2 |       |     2 |     1 |       ||     5
       Stone             |       |       |       |     1 |       ||     1
Invok: Heroism           |       |       |       |    11 |    10 ||    21
       Finesse           |       |       |       |     1 |     3 ||     4
Evoke: Wand              |       |       |       |     1 |     4 ||     5
  Use: Scroll            |       |     4 |     4 |    13 |     3 ||    24
       Potion            |       |       |       |     7 |     1 ||     8
  Eat: Chunk             |     1 |     6 |    15 |    49 |    10 ||    81
       Ration            |       |       |     1 |       |       ||     1
Armor: Leather armour    |     7 |       |       |       |       ||     7
       Ring mail         |     5 |     8 |       |       |       ||    13
       Scale mail        |       |   100 |    84 |   197 |       ||   381
       Plate armour      |       |       |       |   212 |   288 ||   500
Dodge: Dodged            |    42 |   142 |   123 |   284 |   121 ||   712
       Rpst.: Long sword |    17 |    34 |       |       |       ||    51
